Map: Chantier naval orbital

Players

PANTERA - Winner!

  • Race: Terran Terran
  • League: Diamond

Worming

  • Race: Zerg Zerg
  • League: Diamond

VOD

Have the link to the VOD?

Description

Time

  • Played on: Dec. 17, 2015, 2:16 p.m.
  • Length: 15:44
Show
View Real Time Build Order
Export as new Build Order

PANTERA Terran - Winner!

Build Orders: Mech, Banshee Rush 

Get SALT Encoding   

  12  0:02  SCV  
  13  0:14  SCV  
  13  0:19  Supply Depot  
  14  0:26  SCV  
  15  0:28  Refinery  
  15  0:40  SCV  
  16  0:45  Barracks  
  16  0:52  SCV  
  17  1:04  Supply Depot  
  17  1:05  SCV  
  18  1:17  SCV  
  20  1:32  Reaper  
  20  1:33  Orbital Command  
  20  1:53  Command Center  
  20  1:58  SCV  
  21  2:09  Factory  
  21  2:11  SCV  
  22  2:15  Refinery  
  22  2:17  Marine  
  23  2:23  SCV  
  24  2:35  Marine  
  25  2:48  SCV  
  26  2:52  Supply Depot  
  26  2:54  Starport  
  26  2:58  Starport  
  26  3:03  Factory Tech Lab  
  26  3:04  SCV  
  27  3:32  Marine  
  28  3:41  Banshee  
  28  3:44  Starport Tech Lab, SCV  
  28  3:47  Orbital Command  
  31  3:50  Marine  
  31  3:52  Refinery  
  32  3:55  Factory Reactor  
  32  3:56  Cloaking Field  
  32  3:58  SCV  
  33  4:10  SCV  
  33  4:11  Banshee  
  33  4:13  SCV  
  38  4:22  SCV  
  39  4:25  Banshee, SCV  
  39  4:26  Supply Depot  
  43  4:34  SCV  
  43  4:37  SCV  
  45  4:46  SCV  
  45  4:49  Refinery, Engineering Bay, Hellion x2, SCV  
  51  4:53  Banshee  
  51  4:58  SCV  
  55  5:01  SCV  
  56  5:08  Factory  
  56  5:10  Factory, SCV  
  56  5:11  Hellion  
  56  5:13  SCV  
  60  5:22  SCV  
  61  5:54  SCV  
  62  6:09  Factory Tech Lab x2  
  62  6:14  Command Center  
  62  6:26  Liberator  
  62  6:43  Siege Tank, SCV x2  
  62  6:44  Supply Depot  
  62  6:45  Armory  
  70  6:51  Supply Depot  
  69  6:55  Liberator  
  67  7:05  Hellion, SCV  
  70  7:08  Liberator  
  70  7:11  Supply Depot  
  70  7:13  Siege Tank, SCV  
  77  7:16  Factory  
  77  7:17  SCV  
  77  7:19  Supply Depot  
  77  7:20  Hellion, Siege Tank  
  83  7:25  Orbital Command, SCV  
  83  7:28  Missile Turret  
  83  7:29  Missile Turret  
  87  7:34  Infernal Pre-Igniter  
  87  7:38  Liberator  
  87  7:45  Siege Tank, SCV x2  
  87  7:48  Missile Turret  
  87  7:49  Orbital Command  
  92  7:55  Hellion  
  92  7:57  SCV  
  98  8:08  Supply Depot  
  98  8:09  Factory Tech Lab  
  98  8:14  Supply Depot  
  98  8:15  Siege Tank  
  98  8:16  Hellion, Viking  
  105  8:21  Hellion  
  105  8:23  Terran Vehicle Weapons Level 1, Missile Turret  
  107  8:27  Missile Turret x2  
  107  8:28  Armory  
  107  8:31  SCV  
  108  8:34  Supply Depot  
  108  8:35  SCV x2  
  110  8:43  Supply Depot, SCV  
  110  8:47  Refinery, Supply Depot, SCV  
  110  8:48  Sensor Tower  
  112  8:55  Liberator x2, Siege Tank  
  112  8:56  Hellion  
  117  9:06  Supply Depot  
  117  9:10  Supply Depot  
  117  9:13  Hellbat, Siege Tank  
  117  9:14  Hellion  
  130  9:24  SCV  
  130  9:25  Factory  
  130  9:30  Refinery  
  131  9:32  Missile Turret  
  131  9:35  Hellion  
  131  9:36  Hellion x3  
  139  9:41  Supply Depot  
  139  9:42  SCV x2  
  141  9:46  Hellion  
  141  9:49  Factory  
  143  9:57  Siege Tank, Hellbat  
  132  10:46  Viking  
  132  10:48  Viking, Hellbat  
  125  10:58  Cyclone x2  
  125  10:59  Hellion x3  
  132  11:16  Viking  
  132  11:18  Thor, Viking  
  142  11:21  Factory Tech Lab x2  
  140  11:30  Thor  
  119  11:43  SCV  
  119  11:46  Hellbat, Siege Tank x2, Viking  
  119  11:47  Hellion x2  
  125  11:48  Viking  
  126  12:01  Siege Tank  
  129  12:08  Siege Tank, Hellbat x2  
  136  12:14  Hellbat  
  135  12:16  Viking  
  135  12:18  Siege Tank, Viking  
  142  12:25  Command Center  
  142  12:33  Hellbat, Siege Tank x2  
  142  12:34  Hellbat  
  142  12:35  Siege Tank  
  149  12:47  Hellbat  
  151  12:52  Terran Vehicle Weapons Level 2  
  151  12:53  Terran Vehicle And Ship Armor Level 1  
  116  13:32  Hellbat x2, Siege Tank x4  
  116  13:33  Viking x2, Hellbat  
  121  13:53  Hellbat  
  123  13:57  Hellion x2  
  125  14:03  Viking x2  
  125  14:04  Hellbat, Hellion, Siege Tank  
  132  14:13  Hellbat  
  132  14:15  Hellbat  
  136  14:18  Siege Tank  
  139  14:30  Hellbat, Siege Tank x2  
  133  14:35  Hellbat  
  120  15:03  Siege Tank  
  120  15:04  Hellbat  
  125  15:08  Viking  
  125  15:10  Viking  
  126  15:22  Hellbat  
Show
View Real Time Build Order
Export as new Build Order

Worming Zerg 

Build Orders: Hatch First 

Get SALT Encoding   

  12  0:01  Drone  
  13  0:13  Overlord  
  13  0:18  Drone  
  14  0:31  Drone x2  
  16  0:36  Drone  
  17  0:52  Hatchery  
  17  0:55  Drone  
  17  0:57  Drone  
  18  1:10  Spawning Pool  
  17  1:15  Drone  
  18  1:19  Drone, Extractor  
  18  1:29  Drone  
  19  1:40  Drone  
  20  1:50  Overlord  
  20  1:57  Queen  
  22  2:05  Queen  
  22  2:06  Zergling x4  
  26  2:16  Drone  
  26  2:17  Drone  
  26  2:21  Metabolic Boost  
  28  2:38  Queen  
  28  2:40  Drone x4  
  34  2:50  Zergling x4  
  36  2:56  Overlord  
  36  3:18  Hatchery  
  33  3:35  Drone x9  
  42  3:53  Overlord  
  42  3:55  Overlord  
  42  3:57  Drone  
  43  4:07  Extractor  
  43  4:08  Roach Warren  
  41  4:15  Extractor  
  41  4:16  Drone x3, Extractor  
  42  4:19  Drone x3  
  42  4:21  Drone x5  
  51  4:30  Evolution Chamber  
  50  4:31  Evolution Chamber  
  50  4:35  Baneling Nest  
  47  4:42  Queen x2, Spore Crawler  
  50  4:46  Spore Crawler, Drone x2  
  50  4:47  Drone x5  
  56  4:57  Zerg Melee Weapons Level 1  
  56  4:58  Zerg Ground Armor Level 1  
  56  5:04  Spore Crawler, Drone  
  56  5:08  Drone x6  
  56  5:13  Extractor  
  61  5:15  Overlord  
  61  5:17  Overlord  
  61  5:18  Zergling x8  
  61  5:19  Lair  
  64  5:34  Spore Crawler  
  63  5:44  Drone x3  
  62  6:00  Queen x2  
  64  6:07  Baneling x7  
  64  6:08  Zergling x28  
  78  6:14  Spore Crawler  
  73  6:35  Spore Crawler  
  70  6:40  Drone x8  
  70  6:45  Spire  
  70  6:46  Infestation Pit  
  76  6:47  Drone x3  
  65  7:05  Extractor  
  65  7:07  Drone, Extractor  
  65  7:08  Drone x4  
  64  7:09  Drone  
  64  7:12  Roach Warren  
  66  7:16  Zerg Melee Weapons Level 2, Zerg Ground Armor Level 2  
  66  7:21  Centrifical Hooks  
  68  7:23  Overlord x2  
  68  7:24  Drone x2  
  68  7:25  Drone x3  
  68  7:26  Drone  
  68  7:28  Zergling x2  
  68  7:29  Zergling x8  
  77  7:37  Hive  
  77  7:57  Roach x5  
  77  7:58  Roach  
  89  8:01  Zerg Flyer Weapons Level 1  
  89  8:10  Hatchery  
  89  8:11  Drone  
  89  8:16  Overlord  
  89  8:24  Overlord  
  89  8:25  Overlord x6  
  89  8:29  Hatchery  
  89  8:30  Zergling x2  
  89  8:44  Zergling x14  
  89  8:45  Glial Reconstitution  
  93  9:05  Ultralisk Cavern  
  93  9:06  Drone  
  93  9:07  Drone x12  
  104  9:11  Pneumatized Carapace  
  104  9:13  Overseer  
  104  9:20  Queen x2  
  108  9:30  Baneling  
  108  9:31  Baneling x8  
  108  9:32  Zergling x2  
  108  9:35  Zergling x2  
  110  9:39  Zerg Ground Armor Level 3, Zerg Melee Weapons Level 3  
  110  9:40  Adrenal Glands  
  110  9:41  Zergling x10  
  110  9:42  Zergling x12  
  110  9:44  Extractor  
  110  9:45  Extractor  
  119  9:46  Drone x3, Spine Crawler  
  121  9:53  Drone x3  
  124  10:04  Corruptor x6  
  136  10:10  Chitinous Plating  
  136  10:12  Zergling x12  
  142  10:20  Zergling x2, Corruptor  
  144  10:42  Zergling x2, Ultralisk x2  
  127  10:43  Zergling x16  
  119  10:50  Zergling x2  
  119  10:51  Zergling x2  
  119  10:52  Ultralisk  
  121  11:01  Spine Crawler  
  121  11:02  Spine Crawler  
  111  11:07  Zergling x6, Ultralisk  
  115  11:17  Ultralisk  
  115  11:18  Zergling x4  
  92  11:41  Zergling x2, Ultralisk  
  92  11:42  Zergling x10  
  92  11:46  Overseer  
  98  11:53  Hatchery  
  97  11:57  Overseer  
  93  12:30  Hatchery  
  86  12:40  Queen x2  
  86  12:42  Ultralisk  
  86  12:43  Corruptor  
  103  12:49  Corruptor x3  
  103  12:55  Extractor  
  102  13:03  Extractor  
  79  13:29  Zergling x2, Ultralisk x2  
  79  13:30  Zergling x2  
  72  13:59  Ultralisk  
  79  14:08  Zergling x2  
  79  14:09  Zergling x14  
  81  14:18  Hatchery  
  30  14:58  Zergling x12  
Tags
 
Add a new tag
Caveats
  • Supply blocks, unpowered buildings, or Contaminate may cause inaccurate times.
  • Supply counts are checked every 10 seconds.